 Dungeon Crawl Stone Soup version 0.25-a0-743-g84dc20635f (webtiles) character file.

Game seed: 1160714781785030439, levelgen mode: classic

183357 EnegeticOcto the Tainter (level 17, -2/140 HPs)
             Began as a Demigod Venom Mage on Apr 13, 2020.
             Hit by a javelin thrown by a merfolk javelineer (14 damage)
             ... on level 3 of the Shoals.
             The game lasted 01:58:42 (44924 turns).

EnegeticOcto the Tainter (Demigod Venom Mage)      Turns: 44924, Time: 01:58:43

Health: -2/140     AC: 15    Str: 10    XL:     17   Next: 16%
Magic:  28/46      EV: 11    Int: 29    God:
Gold:   722        SH: 13    Dex: 16    Spells: 11/39 levels left

rFire    . . .     SeeInvis +   z - +9 demon trident (flame)
rCold    + . .     Gourm    .   X - +2 kite shield of Freedom {Stlth+}
rNeg     . . .     Faith    .   A - +0 swamp dragon scales
rPois    +         Spirit   .   w - +3 hat of the Land of Plenty {rC+ Str-4 Slay+2 SInv}
rElec    .         Reflect  .   T - +1 cloak
rCorr    .         Harm     .   W - +0 pair of gloves {Str+3}
MR       ++...                  G - +0 pair of boots
Stlth    +++.......             L - amulet of magic regeneration
HPRegen  0.33/turn              m - ring of magical power
MPRegen  0.55/turn              s - ring of protection from magic

@: very slightly contaminated, invisible
A: high mp 1
a: no special abilities


You were on level 3 of the Shoals.
You were hungry.

You visited 5 branches of the dungeon, and saw 30 of its levels.
You also visited: Gauntlet and Ice Cave.

You collected 3426 gold pieces.
You spent 2704 gold pieces at shops.

Inventory:

Hand Weapons
 u - the +7 trident "Rirol" {freeze, rC+}
   (You took it off a tengu warrior on level 13 of the Dungeon)

   It has been specially enchanted to freeze those struck by it, causing extra
   injury to most foes and up to half again as much damage against particularly
   susceptible opponents.
   It can also slow down cold-blooded creatures.
   It protects you from cold.
 z - a +9 demon trident of flaming (weapon)
 P - a +5 dagger of distortion
 V - the +2 trident of the Lurker {vorpal, rElec Dex+2 Stlth+}
   (You found it on level 2 of the Lair of Beasts)

   It inflicts extra damage upon your enemies.
   It affects your dexterity (+2).
   It insulates you from electricity.
   It makes you more stealthy.
Missiles
 D - 4 throwing nets {!f}
 Y - 16 silver javelins (quivered)
Armour
 w - the +3 hat of the Land of Plenty (worn) {rC+ Str-4 Slay+2 SInv}
   (You found it in a Gauntlet)

   It affects your strength (-4).
   It affects your accuracy and damage with ranged weapons and melee attacks
   (+2).
   It protects you from cold.
   It lets you see invisible.
 A - +0 swamp dragon scales (worn)
 G - a +0 pair of boots (worn)
 T - a +1 cloak (worn)
 W - a +0 pair of gloves of strength (worn)
 X - the +2 kite shield of Freedom (worn) {Stlth+}
   (You bought it in a shop on level 11 of the Dungeon)

   It makes you more stealthy.
Jewellery
 m - a ring of magical power (left hand)
 o - the amulet of Pogi {Acrobat +Fly rF+}
   (You bought it in a shop on level 2 of the Orcish Mines)

   [amulet of the acrobat]

   It helps you evade while moving and waiting.
   It protects you from fire.
   It lets you fly.
 s - a ring of protection from magic (right hand)
 B - an uncursed ring of poison resistance
 L - an amulet of magic regeneration (around neck)
Wands
 g - a wand of enslavement (15)
 v - a wand of digging (9) {@v3}
 y - a wand of disintegration (16)
 E - a wand of polymorph (18)
 H - a wand of iceblast (29) {@v2}
 O - a wand of scattershot (3)
 U - a wand of flame (1) {@v4}
Scrolls
 c - 2 scrolls of fog {!r}
 d - a scroll of vulnerability
 h - 6 scrolls of teleportation {@r3 !r}
 p - 3 scrolls of identify {@r1}
 q - 6 scrolls of magic mapping {@r5 !r}
 x - 3 scrolls of silence
 I - 3 scrolls of enchant armour
 M - 2 scrolls of summoning
 R - a scroll of immolation
Potions
 a - 2 potions of haste {@q4 !q}
 b - 6 potions of magic
 f - 7 potions of mutation
 i - 5 potions of curing {@q1 !q}
 j - 9 potions of lignification {@q6}
 l - 6 potions of stabbing {@q5 !q}
 r - 7 potions of brilliance
 J - a potion of berserk rage
 K - 5 potions of might {@q3 !q}
 N - 2 potions of cancellation
 Q - 5 potions of ambrosia
 Z - a potion of resistance
Miscellaneous
 F - a phial of floods
Comestibles
 e - 42 rations


   Skills:
 - Level 10.0 Fighting
 * Level 12.4 Polearms
 - Level 4.0 Armour
 - Level 4.0 Dodging
 - Level 3.1 Stealth
 + Level 10.9 Shields
 - Level 11.5 Spellcasting
 - Level 2.0 Conjurations
 - Level 8.0 Summonings
 - Level 4.0 Translocations
 - Level 3.0 Transmutations
 - Level 3.1 Fire Magic
 - Level 10.0 Air Magic
 - Level 12.8 Poison Magic
 - Level 4.0 Evocations


You had 11 spell levels left.
You knew the following spells:

 Your Spells              Type           Power        Failure   Level  Hunger
a - Sting                 Tmut/Pois      ####         1%          1    None
b - Poisonous Vapours     Pois/Air       ######       1%          2    None
c - Mephitic Cloud        Conj/Pois/Air  ######..     1%          3    None
d - Olgreb's Toxic Radia  Pois           #######.     1%          4    None
e - Ignite Poison         Fire/Tmut/Pois ######..     3%          3    None
f - Summon Lightning Spi  Summ/Air       ######..     3%          4    None
g - Irradiate             Conj/Tmut      ####......   77%         5    ###....
p - Passwall              Tmut/Erth      ####....     11%         2    None
V - Swiftness             Chrm/Air       #####...     2%          2    None
Y - Blink                 Tloc           N/A          3%          2    None

Your spell library contained the following spells:

 Spells                   Type           Power        Failure   Level  Hunger
 Shock                    Conj/Air       ####         1%          1    None
 Call Imp                 Summ           ######..     1%          2    None
 Airstrike                Air            ######....   2%          4    None
 Static Discharge         Conj/Air       ######..     3%          3    None
 Magic Dart               Conj           ####         5%          1    None
 Corona                   Hex            ###....      13%         1    None
 Sandblast                Erth           ###...       13%         1    None
 Conjure Flame            Conj/Fire      ####....     14%         3    None
 Alistair's Intoxication  Tmut/Pois      ######..     14%         5    ###....
 Ensorcelled Hibernation  Hex/Ice        ###...       21%         2    None
 Slow                     Hex            ###.....     21%         2    None
 Sublimation of Blood     Necr           ###.......   21%         2    None
 Dazzling Flash           Conj/Hex       ###...       26%         3    None
 Stone Arrow              Conj/Erth      ###...       26%         3    None
 Lightning Bolt           Conj/Air       ######....   30%         5    ###....
 Confusing Touch          Hex            ###.....     36%         3    None
 Spectral Weapon          Hex/Chrm       ###.....     36%         3    None
 Tukima's Dance           Hex            ###.....     36%         3    None
 Ice Form                 Ice/Tmut       ####....     56%         4    None
 Petrify                  Tmut/Erth      ####....     56%         4    None
 Eringya's Noxious Bog    Tmut/Pois      ######....   58%         6    #####..
 Lee's Rapid Deconstruct  Erth           ###.......   98%         5    ###....
 Metabolic Englaciation   Hex/Ice        ###.......   98%         5    ###....
 Freezing Cloud           Conj/Ice/Air   #####.....   98%         6    #####..
 Ozocubu's Refrigeration  Ice            ###.......   100%        6    #####..
 Simulacrum               Ice/Necr       ###.......   100%        6    #####..


Dungeon Overview and Level Annotations

Branches:
Dungeon (15/15)            Temple (0/1) D:5            Lair (6/6) D:8
 Shoals (3/4) Lair:3       Spider (4/4) Lair:4        Slime (0/5) Lair:6
    Orc (2/2) D:11            Elf (0/3) Orc:2        Vaults (0/5) D:13
 Depths (0/5) D:15          IceCv (visited)         Gauntlet (visited)

Shops:
D:7 %   D:11 !![[   Orc:1 [   Orc:2 **(==[}   Shoals:1 ?

Annotations:
Shoals:3 Ilsuiw, Polyphemus


Innate Abilities, Weirdness & Mutations

You have an increased reservoir of magic. (+10% MP)


Message History

Really quaff
t - a potion of heal wounds {@q2 !q}?
You feel much better.
The merfolk javelineer throws a javelin.
The javelin pierces through you!!
* * * LOW HITPOINT WARNING * * *
The water nymph flows with the water.
You block the merfolk's attack.
Casting: Ignite Poison (safe; 3% risk of failure)
Confirm with . or Enter, or press ? or * to list all spells.
You begin to radiate toxic energy.
Ilsuiw looks even sicker.
The merfolk javelineer is poisoned. x2; The merfolk impaler is poisoned.
The merfolk siren is poisoned.
The merfolk is poisoned.
The water nymph is poisoned.
The merfolk looks even sicker.
The water nymph looks even sicker.
You feel sick.
The merfolk javelineer throws a javelin.
The javelin misses you.
The water nymph's watery aura covers the stone staircase leading up.
Splash!
You fall into the shallow water.
Moving in this stuff is going to be slow. ...and don't expect to remain undetected.
The merfolk impaler hits you from afar with a +0 trident!
* * * LOW HITPOINT WARNING * * *
The merfolk javelineer throws a javelin.
The javelin misses you.
The javelin pierces through the merfolk javelineer!!
You block the merfolk's attack.
The merfolk siren completely misses you.
Ilsuiw casts a spell.
The merfolk javelineer looks even sicker.
The merfolk looks even sicker.
The water elemental disappears in a puff of smoke! x2
The merfolk impaler barely misses you.
The merfolk javelineer throws a javelin. x2
The javelin pierces through the water nymph!!
The javelin pierces through the merfolk javelineer!!
The javelin pierces through the water elemental.
The merfolk siren hits you with a cursed -1 spear!
* * * LOW HITPOINT WARNING * * *
The merfolk impaler hits you but does no damage.
The merfolk hits you but does no damage.
Casting: Olgreb's Toxic Radiance (safe; 1% risk of failure)
Confirm with . or Enter, or press ? or * to list all spells.
You ignite the poison in your surroundings!
The merfolk impaler seems to burn from within!!
The merfolk impaler is heavily wounded.
The merfolk siren seems to burn from within!
The merfolk siren is severely wounded.
The water nymph seems to burn from within!!!
You kill the water nymph!
Ilsuiw seems to burn from within!!
Ilsuiw is almost dead.
The merfolk javelineer seems to burn from within.
The merfolk javelineer is almost dead.
The merfolk seems to burn from within!!!
You kill the merfolk!
The merfolk javelineer seems to burn from within!!!
The merfolk javelineer is severely wounded.
Ilsuiw is poisoned.
The merfolk javelineer is poisoned. x2
The merfolk impaler is poisoned.
The merfolk siren is poisoned.
Your toxic aura wanes.
You feel sick.
The merfolk javelineer throws a javelin.
The javelin closely misses you.
The javelin pierces through the merfolk impaler!
You block the merfolk impaler's attack.
The merfolk javelineer throws a javelin.
You block Ilsuiw's attack.
The merfolk siren chants its luring song.
Casting: Ignite Poison (safe; 3% risk of failure)
Confirm with . or Enter, or press ? or * to list all spells.
You ignite the poison in your surroundings!
The merfolk impaler seems to burn from within!
The merfolk impaler is almost dead.
The merfolk siren seems to burn from within!
You break out of your daze!
You kill the merfolk siren!
Ilsuiw seems to burn from within!
Ilsuiw is almost dead.
The merfolk javelineer seems to burn from within!!
You kill the merfolk javelineer!
The merfolk javelineer seems to burn from within!
The merfolk javelineer is almost dead.
The merfolk impaler closely misses you.
The merfolk javelineer throws a javelin.
The javelin barely misses you.
The merfolk impaler hits you with a +0 trident.
* * * LOW HITPOINT WARNING * * *
Ilsuiw barely misses you.
The merfolk javelineer throws a javelin.
The javelin pierces through you!
* * * LOW HITPOINT WARNING * * *
Ilsuiw points at the merfolk impaler and mumbles some strange words.
The shard of ice hits the merfolk impaler!!!
The merfolk impaler dies!
Okay, then.
Really quaff
i - 6 potions of curing {@q1 !q}?
You feel better.
The merfolk javelineer throws a javelin.
The javelin pierces through you!
You die...

≈≈≈≈≈≈..≈#
≈≈≈≈≈≈≈≈≈##
≈≈≈≈≈≈≈≈((#
≈≈≈..≈≈<≈?##
<≈...≈)(...##
.?..†...))((###
..###..=.....≈≈
≈≈≈.#......##...
≈≈≈...≈≈≈^##


You could see Ilsuiw (invisible), a merfolk javelineer and 3 water elementals.

Vanquished Creatures
  Arachne (Spider:3)
  Gastronok (D:11)
  2 ghost moths
  An orc warlord (Orc:2)
  3 emperor scorpions
  3 entropy weavers
  A minotaur (Gauntlet)
  Snorg (D:11)
  3 ettins
  2 merfolk impalers (Shoals:1)
  A merfolk javelineer (Shoals:3)
  Erolcha (D:10)
  2 catoblepae
  5 hydras
  A queen ant (Spider:4)
  2 centaur warriors
  A satyr (Shoals:1)
  2 merfolk aquamancers
  4 tengu warriors
  7 two-headed ogres
  3 death yaks (Shoals:3)
  An orc high priest (Orc:2)
  Nergalle (D:11)
  7 sea snakes
  2 fire crabs
  A wizard (D:15)
  A glowing orange brain (D:15)
  3 unseen horrors
  19 orb spiders
  8 harpies
  A deep elf archer (D:13)
  A necromancer (Spider:1)
  22 wolf spiders
  4 wolf spider zombies (Spider:1)
  An orc knight (Orc:2)
  10 manticores
  5 orc sorcerers
  6 deep elf magi
  10 ugly things
  4 cyclopes (D:15)
  2 moths of wrath
  8 fauns (Shoals:1)
  5 merfolk sirens
  Maurice (D:8)
  11 elephants
  3 black mambas
  3 ice statues (IceCv)
  A water nymph (shapeshifter) (D:15)
  5 spiny frogs
  Maggie (D:8)
  2 water nymphs
  2 spiny frogs (shapeshifter) (D:15)
  A kobold demonologist (D:15)
  12 redback zombies (Spider:1)
  4 yaktaurs (D:13)
  2 rime drakes
  5 komodo dragons
  13 demonic crawlers
  A meliai (shapeshifter) (D:15)
  8 trolls
  34 jumping spiders
  19 merfolk
  A queen bee (Lair:3)
  6 polar bears
  A wind drake (Shoals:2)
  2 tengu conjurers
  15 hornets
  Prince Ribbit (D:8)
  11 tarantella zombies (Spider:1)
  18 blink frogs
  3 snapping turtles
  10 slime creatures
  11 hippogriffs
  44 redbacks
  7 flying skulls (Gauntlet)
  13 spriggans (Lair:6)
  2 wyverns
  29 tarantellas
  4 water elementals (Shoals:1)
  2 shadows
  A yak (shapeshifter) (D:15)
  3 fire bats (Gauntlet)
  4 basilisks
  37 yaks
  3 vampire mosquitoes (D:13)
  3 wargs
  18 soldier ants
  11 water moccasins
  9 porcupines
  30 orc warriors
  A black bear (shapeshifter) (D:13)
  10 ice beasts
  3 black bears
  3 eyes of draining
  2 phantoms
  A sky beast (D:13)
  14 ogres
  The ghost of vlindergert the Shield-Bearer, an amateur MiFi (D:3)
  An ogre (shapeshifter) (D:13)
  4 boggarts
  2 necrophages
  13 centaurs
  27 wolves
  10 crocodiles
  A big kobold (D:13)
  A wyvern zombie (D:6)
  16 bullfrogs
  5 earth elementals (D:15)
  A hornet simulacrum (D:15)
  2 scorpions
  31 killer bees
  8 howler monkeys
  10 electric eels
  7 crimson imps
  A bullfrog zombie (D:13)
  6 jellies
  A gnoll shaman (D:3)
  14 hounds
  5 centaur skeletons
  16 orc priests
  20 orc wizards
  Natasha (thrice) (D:4)
  4 iguanas
  23 worker ants
  A centaur simulacrum (D:11)
  A worker ant zombie (D:6)
  Robin (D:2)
  6 gnolls
  2 howler monkey skeletons
  15 adders
  3 shadow imps
  12 white imps (Lair:2)
  A howler monkey simulacrum (D:11)
  2 ufetubi (D:11)
  An ooze (D:13)
  6 adder skeletons
  2 adder zombies
  5 worms
  5 dart slugs
  2 leopard geckos
  66 orcs
  5 bats
  9 giant cockroaches
  23 goblins
  15 hobgoblins
  4 jackals (D:1)
  15 kobolds
  8 quokkas
  3 ball pythons
  2 frilled lizards
  A leopard gecko zombie (D:7)
  4 rats
  2 fungi (Lair:5)
1085 creatures vanquished.

Vanquished Creatures (collateral kills)
  4 emperor scorpions
  A ghost moth (Spider:4)
  2 merfolk impalers
  The ghost of Goumeb the Cleaver, a journeyman MiFi of Hepliaklqana (D:13)
  A rakshasa (D:15)
  5 harpies
  An orc knight (Orc:2)
  2 orb spiders (Spider:4)
  A wolf spider zombie (D:14)
  4 ugly things
  A wolf spider (Spider:4)
  2 centaur zombies
  5 spiny frogs (Lair:6)
  A troll (D:14)
  A jumping spider (Spider:4)
  A meliai zombie (D:15)
  7 slime creatures
  2 hippogriffs
  A tarantella (Spider:4)
  A wraith (D:14)
  A shadow (D:15)
  A vampire (D:13)
  A vampire mosquito (D:13)
  2 wargs (Orc:2)
  A soldier ant (Spider:4)
  An acid dragon (D:11)
  3 orc warriors
  A wolf (Lair:6)
  2 ogres
  A wyvern skeleton (D:13)
  A scorpion (D:14)
  A jelly (D:13)
  A bullfrog skeleton (D:13)
  4 oozes (D:13)
  An orc (Orc:2)
  A hobgoblin (D:11)
67 creatures vanquished.

Vanquished Creatures (others)
  A merfolk impaler (Shoals:3)
  A bullfrog zombie (D:6)
  A kobold (D:3)
  A jackal skeleton (D:6)
  18 fungi
  3 plants
  A withered plant (Gauntlet)
26 creatures vanquished.

Grand Total: 1178 creatures vanquished

Notes
Turn   | Place    | Note
-------+----------+-------------------------------------------
     0 | D:1      | EnegeticOcto the Demigod Venom Mage began the quest for the
                  | Orb.
     0 | D:1      | Reached XP level 1. HP: 14/14 MP: 5/5
    93 | D:1      | Reached XP level 2. HP: 11/20 MP: 0/7
   279 | D:1      | Learned a level 2 spell: Poisonous Vapours
   988 | D:1      | You fall into a shaft and drop 1 floor!
   988 | D:2      | Found a shadowy altar of Dithmenos.
  1005 | D:2      | Reached XP level 3. HP: 22/26 MP: 0/8
  1471 | D:2      | Found an ancient bone altar of Kikubaaqudgha.
  2139 | D:2      | Reached XP level 4. HP: 33/33 MP: 0/9
  2337 | D:2      | Noticed Robin
  2351 | D:2      | Killed Robin
  2753 | D:2      | Learned a level 3 spell: Mephitic Cloud
  2887 | D:2      | Reached skill level 1 in Air Magic
  2975 | D:2      | Reached XP level 5. HP: 24/38 MP: 7/10
  3208 | D:3      | Found a sparkling altar of Nemelex Xobeh.
  3830 | D:3      | Found a runed translucent gate.
  3830 | D:3      | Found a runed translucent gate.
  3830 | D:3      | Found a runed translucent gate.
  3832 | D:3      | Identified the +3 whip of Mugonn {drain, Str+6}
  3832 | D:3      | Noticed vlindergert's ghost (amateur MiFi)
  3885 | D:3      | Reached skill level 5 in Poison Magic
  4008 | D:3      | You fall into a shaft and drop 1 floor!
  4158 | D:4      | Found a white marble altar of Elyvilon.
  4458 | D:4      | Reached XP level 6. HP: 45/45 MP: 6/11
  4517 | D:4      | Noticed Natasha
  4522 | D:4      | Killed Natasha
  4590 | D:4      | Noticed Natasha
  4596 | D:4      | Killed Natasha
  4736 | D:4      | Reached skill level 1 in Conjurations
  5381 | D:4      | Noticed Natasha
  5384 | D:4      | Killed Natasha
  5932 | D:3      | Killed vlindergert's ghost
  5932 | D:3      | Reached skill level 1 in Shields
  5932 | D:3      | Reached XP level 7. HP: 35/50 MP: 8/15
  6140 | D:5      | Entered Level 5 of the Dungeon
  6320 | D:5      | Found a staircase to the Ecumenical Temple.
  6477 | D:5      | Learned a level 4 spell: Olgreb's Toxic Radiance
  6481 | D:5      | Learned a level 3 spell: Ignite Poison
  6543 | D:5      | Reached skill level 1 in Transmutations
  6609 | D:5      | Found a blossoming altar of Fedhas.
  6661 | D:5      | Reached skill level 1 in Fire Magic
  7065 | D:6      | Found a radiant altar of Vehumet.
  7515 | D:6      | Reached XP level 8. HP: 57/57 MP: 9/17
  7614 | D:6      | Got a polished plate armour
  7615 | D:6      | Identified the +6 plate armour of the Shore {rC- rN+++
                  | Int-2 Dex+2} (You found it on level 6 of the Dungeon)
  8009 | D:6      | Reached skill level 5 in Spellcasting
  8143 | D:7      | Reached skill level 1 in Fighting
  8590 | D:7      | Found Kyret's Food Boutique.
  8697 | D:7      | Found a shattered altar of Ashenzari.
  8698 | D:7      | Found a sacrificial altar of Ru.
  9239 | D:8      | Found an ornate altar of the Wu Jian Council.
  9239 | D:8      | Noticed Prince Ribbit
  9246 | D:8      | Killed Prince Ribbit
  9246 | D:8      | Reached skill level 1 in Evocations
  9246 | D:8      | Reached XP level 9. HP: 66/68 MP: 8/20
  9616 | D:8      | Noticed Maurice
  9635 | D:8      | Killed Maurice
 10067 | D:8      | Got a crude long sword
 10109 | D:8      | Found a staircase to the Lair.
 10124 | D:8      | Noticed Maggie
 10151 | D:8      | Killed Maggie
 10376 | D:8      | Reached skill level 1 in Armour
 10416 | D:8      | Identified the cursed +1 long sword "Hydraslayer" {protect,
                  | *Drain Dex+6 SInv} (You found it on level 8 of the Dungeon)
 10521 | D:9      | Noticed a two-headed ogre
 10534 | D:9      | Noticed a two-headed ogre
 10543 | D:9      | Killed a two-headed ogre
 10543 | D:9      | Reached XP level 10. HP: 77/77 MP: 7/21
 10558 | D:9      | Noticed a brown ugly thing
 10576 | D:9      | Killed a brown ugly thing
 10584 | D:9      | Killed a two-headed ogre
 11049 | D:10     | Entered Level 10 of the Dungeon
 11358 | D:10     | Noticed Erolcha
 11771 | Lair:1   | Entered Level 1 of the Lair of Beasts
 11932 | Lair:1   | Noticed a seven-headed hydra
 11941 | Lair:1   | Killed a six-headed hydra
 11941 | Lair:1   | Reached skill level 5 in Fighting
 12718 | Lair:2   | Reached XP level 11. HP: 63/88 MP: 8/24
 12934 | Lair:2   | Found a frozen archway.
 12946 | Lair:2   | Noticed a five-headed hydra
 12966 | IceCv    | Entered an ice cave
 13320 | IceCv    | Reached skill level 10 in Poison Magic
 13417 | IceCv    | Identified Sif Muna's Disquisition on Cloudy Augmentations
 13424 | IceCv    | Learned a level 4 spell: Summon Lightning Spire
 13587 | Lair:2   | Reached skill level 1 in Summonings
 13745 | Lair:2   | Got a brightly glowing trident
 13772 | Lair:2   | Killed a five-headed hydra
 14116 | Lair:2   | Identified the +2 trident of the Lurker {vorpal, rElec
                  | Dex+2 Stlth+} (You found it on level 2 of the Lair of
                  | Beasts)
 14653 | Lair:3   | Learned a level 2 spell: Swiftness
 15085 | Lair:3   | Got a crystal war axe
 15086 | Lair:3   | Identified the +8 war axe of Fee Simple {flame, rF+} (You
                  | found it on level 3 of the Lair of Beasts)
 15100 | Lair:3   | Reached XP level 12. HP: 96/96 MP: 21/29
 15100 | Lair:3   | Reached skill level 5 in Air Magic
 15336 | Lair:3   | Found a staircase to the Shoals.
 15454 | Lair:4   | Found a gate leading to a gauntlet.
 15467 | Gauntlet | Entered a Gauntlet
 15467 | Gauntlet | Found a transporter.
 15467 | Gauntlet | Found a transporter.
 15467 | Gauntlet | Found a runed translucent door.
 15519 | Gauntlet | Found a transporter.
 15524 | Gauntlet | Found a transporter.
 15532 | Gauntlet | Found a transporter.
 15536 | Gauntlet | Found a transporter.
 15544 | Gauntlet | Found a transporter.
 15560 | Gauntlet | Found a transporter.
 15574 | Gauntlet | Found a transporter.
 15578 | Gauntlet | Found a transporter.
 15586 | Gauntlet | Found a transporter.
 15590 | Gauntlet | Found a transporter.
 15594 | Gauntlet | Found a runed translucent door.
 15823 | Gauntlet | Got a pair of fine boots
 15868 | Gauntlet | Identified the -4 pair of boots of Sisipe {rElec rCorr
                  | Dex+4} (You found it in a Gauntlet)
 15928 | Gauntlet | Reached skill level 5 in Summonings
 16232 | Gauntlet | Got a heavily runed hat
 16260 | Gauntlet | Noticed a minotaur
 16281 | Gauntlet | Killed a minotaur
 16498 | Lair:4   | Identified the +3 hat of the Land of Plenty {rC+ Str-4
                  | Slay+2 SInv} (You found it in a Gauntlet)
 16640 | Lair:4   | Found a hole to the Spider Nest.
 16844 | Lair:4   | Noticed a six-headed hydra
 16851 | Lair:4   | Killed a six-headed hydra
 17665 | Lair:5   | Noticed an eight-headed hydra
 17671 | Lair:5   | Killed an eight-headed hydra
 17816 | Lair:5   | Reached XP level 13. HP: 86/102 MP: 30/30
 18054 | Lair:5   | Identified the +6 chain mail "Ogoo" {Int+6} (You found it
                  | on level 5 of the Lair of Beasts)
 18685 | Lair:6   | Entered Level 6 of the Lair of Beasts
 19884 | Lair:6   | Found a staircase to the Slime Pits.
 19885 | Lair:6   | Found a viscous altar of Jiyva.
 20045 | Lair:6   | Got a polished leather armour
 20697 | D:10     | Killed Erolcha
 20991 | D:11     | Noticed Snorg
 20998 | D:11     | Killed Snorg
 21143 | D:11     | Noticed Nergalle
 21146 | D:11     | Killed Nergalle
 21162 | D:11     | Found Xeurph's Antique Weapon Emporium.
 21323 | D:11     | Found Eggushrih's Antique Armour Boutique.
 21455 | D:11     | Found Acrut's Distillery.
 21483 | D:11     | Found a staircase to the Orcish Mines.
 21501 | D:11     | Noticed Gastronok
 21509 | D:11     | Killed Gastronok
 21617 | D:11     | Found Ercholin's Distillery.
 21617 | D:11     | Found Wudghur's Antique Armour Emporium.
 21625 | D:11     | Reached skill level 10 in Spellcasting
 21674 | D:11     | Bought a spiked kite shield for 199 gold pieces
 21684 | D:11     | Identified the +2 kite shield of Freedom {Stlth+} (You
                  | bought it in a shop on level 11 of the Dungeon)
 21981 | Orc:1    | Entered Level 1 of the Orcish Mines
 22184 | Orc:1    | Reached XP level 14. HP: 114/114 MP: 26/32
 22254 | Orc:2    | Entered Level 2 of the Orcish Mines
 22326 | Orc:2    | Found a roughly hewn altar of Beogh.
 22381 | Orc:2    | Found a staircase to the Elven Halls.
 22400 | Orc:2    | Noticed an orc warlord
 22407 | Orc:2    | Killed an orc warlord
 22451 | Orc:2    | Reached skill level 10 in Air Magic
 22947 | Orc:2    | Found Atrax's Antique Armour Emporium.
 22995 | Orc:2    | Found Cept's Jewellery Emporium.
 23013 | Orc:2    | Reached skill level 5 in Shields
 23096 | Orc:2    | Noticed Nessos
 23097 | Orc:2    | Noticed Nessos
 23097 | Orc:2    | Nessos changed into Nessos the fire crab
 23101 | Orc:2    | Killed Nessos the fire crab
 23267 | Orc:2    | Found Kuk Tax's Jewellery Boutique.
 23271 | Orc:2    | Found Wochosh's Antique Weapon Boutique.
 23367 | Orc:2    | Found Susiad's General Store.
 23413 | Orc:2    | Found Zolur's Assorted Antiques.
 23479 | Orc:2    | Found Fomixzess's Gadget Shoppe.
 24042 | Orc:1    | Found Hufroa's Armour Shoppe.
 24363 | D:11     | Bought a jewelled chain mail for 285 gold pieces
 24373 | D:11     | Identified the cursed +0 chain mail "Okhen" {MR+} (You
                  | bought it in a shop on level 11 of the Dungeon)
 24384 | D:11     | Identified the +4 leather armour "Rofopuw" {rCorr} (You
                  | found it on level 6 of the Lair of Beasts)
 24532 | Orc:2    | Bought the amulet of Pogi {Acrobat +Fly rF+} for 829 gold
                  | pieces
 24544 | Orc:2    | Bought an uncursed ring of protection from magic for 325
                  | gold pieces
 24567 | Orc:2    | Bought a wand of acid (5) for 306 gold pieces
 24647 | D:11     | Bought 2 potions of cancellation for 208 gold pieces
 25818 | D:13     | Found a transporter.
 25820 | D:13     | Found a transporter.
 25826 | D:13     | Found a bloodstained altar of Trog.
 25889 | D:13     | Noticed Goumeb's ghost (journeyman MiFi)
 25895 | D:13     | Identified the +7 trident "Rirol" {freeze, rC+}
 26854 | D:13     | Reached skill level 1 in Polearms
 27017 | D:13     | Found a gate to the Vaults.
 27089 | D:13     | You fall into a shaft and drop 1 floor!
 27089 | D:14     | Found an ancient bone altar of Kikubaaqudgha.
 27421 | D:14     | Found a sacrificial altar of Ru.
 27436 | D:14     | Learned a level 2 spell: Blink
 27439 | D:14     | Learned a level 2 spell: Passwall
 27728 | D:14     | Reached skill level 1 in Translocations
 28649 | D:13     | Killed Goumeb's ghost
 28649 | D:13     | Reached XP level 15. HP: 82/124 MP: 22/34
 28873 | D:15     | Entered Level 15 of the Dungeon
 29513 | D:15     | Found a shimmering altar of Xom.
 30084 | D:15     | Found a staircase to the Depths.
 32471 | Spider:1 | Entered Level 1 of the Spider Nest
 33187 | Spider:1 | Reached skill level 5 in Polearms
 34119 | Spider:2 | Reached skill level 10 in Fighting
 34619 | Spider:1 | HP: 3/126 [demonic crawler (11)]
 36161 | Spider:1 | Learned a level 5 spell: Irradiate
 36950 | Spider:3 | Reached XP level 16. HP: 116/134 MP: 36/36
 37020 | Spider:3 | Noticed Arachne
 37192 | Spider:3 | Killed Arachne
 38193 | Spider:4 | Entered Level 4 of the Spider Nest
 38266 | Spider:4 | Identified the +6 glaive "Juoblaq" {freeze, rElec rF- Dex+6
                  | Stlth+} (You found it on level 4 of the Spider Nest)
 38724 | Spider:4 | Identified the +7 short sword "Fasunael" {pain, +Blink}
 38730 | Spider:4 | Reached skill level 10 in Polearms
 40240 | Spider:4 | Paralysed by a hornet for 2 turns
 41033 | Shoals:1 | Entered Level 1 of the Shoals
 41234 | Shoals:1 | Reached skill level 10 in Shields
 42692 | Shoals:1 | Identified a scroll of acquirement
 42693 | Shoals:1 | Identified Yvefumn's Almanac of Aerial Blows and Bruises
                  | (You acquired it on level 1 of the Shoals)
 43100 | Shoals:1 | Found Fior's Magic Scroll Shop.
 43109 | Shoals:1 | Bought a scroll of brand weapon for 340 gold pieces
 43532 | Shoals:1 | Bought a scroll of summoning for 161 gold pieces
 43532 | Shoals:1 | Bought a scroll of teleportation for 51 gold pieces
 44063 | Shoals:2 | Reached XP level 17. HP: 121/140 MP: 37/37
 44889 | Shoals:3 | Noticed Polyphemus
 44893 | Shoals:3 | Noticed Ilsuiw
 44906 | Shoals:3 | HP: 1/140 [Ilsuiw/shard of ice (21)]
 44923 | Shoals:3 | HP: 2/140 [merfolk javelineer/javelin (12)]
 44924 | Shoals:3 | Hit by a javelin thrown by a merfolk javelineer

Levels and vault maps discovered:
D:1:      scummos_arrival_hexagon, layout_loops_ring, minmay_heptomino_d4
D:2:      layout_rooms, kiku_gazebo_garden_becter, first_ration,
          grunt_dithmenos_smoke_and_mirrors, uniq_robin
D:3:      layout_basic, lemuel_crystal_altar, serial_curves, eino_curves_02,
          eino_curves_03, gammafunk_ghost_nasty_kobolds
D:4:      layout_gridville, elyvilon_altar_3, minmay_goblin_outpost,
          uniq_natasha
D:5:      layout_basic, fedhas_bush_and_centaur_altar, minmay_temple_entry_mist
D:6:      kennysheep_windowed_halls, layout_rooms, fiery_altar_vehumet
D:7:      layout_loops_ring, gammafunk_temple_overflow_statue, serial_shops,
          kennysheep_mini_moat
D:8:      layout_gridville, lemuel_crystal_altar, erik_lair_island,
          grunt_decor_resistance, uniq_prince_ribbit1, uniq_maggie, uniq_maurice
D:9:      layout_rooms
D:10:     layout_irregular_city, uniq_erolcha
D:11:     layout_roguey, erik_orc_3, serial_ice, serial_ice_n, serial_ice_l,
          serial_ice_o, serial_ice_e, serial_ice_a, serial_shops, shop,
          nicolae_shop_stone, nicolae_shop_crystal, shop, shop, uniq_gastronok,
          uniq_nergalle, uniq_snorg
D:12:     layout_basic
D:13:     layout_loops_ring, hangedman_vaults_entry_quadrant_bands,
          gammafunk_ghost_wrathful_warriors, hangedman_little_slice_of_home
D:14:     layout_rooms, serial_park_square2, basic_altar
D:15:     gammafunk_enter_depths_forms, layout_basic, lemuel_crystal_altar,
          hangedman_cracks_in_the_wall
Lair:1:   layout_cave_shapes, chequers_serial_rivers_room_a
Lair:2:   layout_regular_city, portal_ice_cave_entry_imps, st_stairs_5
Lair:3:   layout_loops_ring, minmay_shoals_entry_hut, special_room
          [special_room_bee], lemuel_fruit_tree
Lair:4:   layout_big_grid, spider_nest_entry_funnel_web, gauntlet_entry_generic,
          beast_lair_carwin_1
Lair:5:   layout_loops_ring
Lair:6:   minmay_lair_end_enchanted_forest, layout_gridlike, slime_altar_1,
          infiniplex_staircase_pool_2
Shoals:1: cheibrodos_shoals_oceanic_diplomacy, layout_shoals, serial_shops,
          shop_fountains
Shoals:2: layout_shoals
Shoals:3: cheibrodos_shoals_roost, layout_shoals, serial_shops,
          nicolae_shop_waterfront, uniq_ilsuiw, uniq_polyphemus
Spider:1: lemuel_spider_zombies, nicolae_spider_shape
Spider:2: layout_spider_delve
Spider:3: layout_spider_delve, uniq_arachne
Spider:4: guppyfry_spider_rune, zaba_antful_of_joy
Orc:1:    layout_diamond_mine, serial_shops, shop
Orc:2:    grunt_orc_gardens, layout_diamond_mine, grunt_orc_garden,
          grunt_orc_garden, grunt_orc_garden, grunt_orc_garden, basic_altar,
          serial_shops, nicolae_shop_crystal, nicolae_shop_stone,
          shop_fountains, uniq_nessos

Skill      XL: |  1  2  3  4  5  6  7  8  9 10 11 12 13 14 15 16 17 |
---------------+----------------------------------------------------+-----
Stealth        | 2 3 |  3.1
Poison Magic   | 3 4 5 8 9 10 11 12 | 12.8
Air Magic      | 1 3 4 8 9 10 | 10.0
Spellcasting   | 3 4 5 6 8 9 10 11 | 11.5
Conjurations   | 2 |  2.0
Shields        | 1 3 4 6 8 10 | 10.9
Transmutations | 2 3 |  3.0
Fire Magic     | 2 3 |  3.1
Fighting       | 2 3 5 6 7 9 10 | 10.0
Evocations     | 1 4 |  4.0
Dodging        | 2 4 |  4.0
Armour         | 1 4 |  4.0
Summonings     | 3 7 8 |  8.0
Polearms       | 2 7 11 12 | 12.4
Translocations | 1 4 |  4.0

Action                   |  1- 3 |  4- 6 |  7- 9 | 10-12 | 13-15 | 16-18 || total
-------------------------+-------+-------+-------+-------+-------+-------++-------
Melee: Unarmed           |    13 |       |       |       |       |       ||    13
       Dagger            |     8 |    30 |       |       |       |       ||    38
       Whip              |       |    32 |   154 |   249 |   614 |       ||  1049
       Long sword        |       |       |       |     1 |       |       ||     1
       War axe           |       |       |       |    66 |       |       ||    66
       Trident           |       |       |       |     2 |   391 |   142 ||   535
       Demon trident     |       |       |       |       |       |    50 ||    50
Throw: Boomerang         |       |       |    17 |    29 |    41 |       ||    87
       Javelin           |       |       |       |       |    16 |    25 ||    41
 Cast: Sting             |    52 |    44 |    51 |    14 |    15 |       ||   176
       Poisonous Vapours |    26 |    94 |   103 |    86 |   121 |    64 ||   494
       Olgreb's Toxic Ra |       |       |    14 |    43 |   175 |    86 ||   318
       Ignite Poison     |       |       |     2 |    47 |   196 |    96 ||   341
       Mephitic Cloud    |       |       |     2 |    23 |    10 |     8 ||    43
       Summon Lightning  |       |       |       |     1 |    39 |    19 ||    59
       Blink             |       |       |       |       |     1 |       ||     1
Evoke: Wand              |       |     2 |    23 |    19 |    23 |    32 ||    99
       Tin of tremorston |       |       |       |     1 |       |       ||     1
  Use: Scroll            |       |       |    21 |    17 |    13 |    18 ||    69
       Potion            |       |       |       |     1 |     6 |    16 ||    23
 Stab: Paralysed         |       |     5 |    19 |    12 |    15 |     2 ||    53
       Sleeping          |       |       |     2 |     1 |    10 |     1 ||    14
       Confused          |       |       |       |     1 |     1 |       ||     2
       Distracted        |       |       |       |       |     9 |     3 ||    12
       Invisible         |       |       |       |       |     1 |       ||     1
  Eat: Chunk             |     6 |    14 |    14 |    15 |    37 |     8 ||    94
       Ration            |       |     1 |     1 |     3 |     7 |     5 ||    17
Armor: Robe              |     7 |    11 |     5 |       |     9 |       ||    32
       Leather armour    |       |       |    38 |       |   289 |    92 ||   419
       Troll leather arm |       |       |     6 |    86 |    82 |       ||   174
       Plate armour      |       |       |       |    68 |       |       ||    68
       Swamp dragon scal |       |       |       |       |       |    33 ||    33
Dodge: Dodged            |    33 |    46 |   101 |   204 |   558 |   176 ||  1118
Block: Other             |     1 |     7 |       |       |       |       ||     8
       Buckler           |       |     1 |    80 |   144 |    95 |       ||   320
       Reflection        |       |     1 |     3 |     5 |       |       ||     9
       Kite shield       |       |       |       |       |   562 |   273 ||   835

Table legend:
 A = Non-vault XP
 B = Vault XP
 C = Vault XP percentage of total XP
 D = Non-vault monster count
 E = Vault monster count
 F = Vault count percentage of total count
                 A         B        C        D         E       F
            +---------+---------+-------+---------+---------+-------
      Total |  161085 |  109808 |  40.5 |     736 |     416 |  36.1
            +---------+---------+-------+---------+---------+-------
        D:1 |      49 |       2 |   3.9 |      26 |       1 |   3.7
        D:2 |     100 |      38 |  27.5 |      16 |      13 |  44.8
        D:3 |     217 |     133 |  38.0 |      17 |       9 |  34.6
        D:4 |     356 |      54 |  13.2 |      25 |      10 |  28.6
        D:5 |     332 |     118 |  26.2 |      12 |       1 |   7.7
        D:6 |     136 |     977 |  87.8 |       9 |      16 |  64.0
        D:7 |     549 |       0 |   0.0 |      16 |       0 |   0.0
        D:8 |    1145 |    2035 |  64.0 |      24 |      12 |  33.3
        D:9 |    3272 |       0 |   0.0 |      15 |       0 |   0.0
       D:10 |     904 |    1025 |  53.1 |      14 |       1 |   6.7
       D:11 |    4056 |    4882 |  54.6 |      23 |      27 |  54.0
       D:12 |    5130 |       0 |   0.0 |      28 |       0 |   0.0
       D:13 |    5465 |   11121 |  67.1 |      33 |      33 |  50.0
       D:14 |    8610 |       0 |   0.0 |      35 |       0 |   0.0
       D:15 |   10155 |    6942 |  40.6 |      40 |      23 |  36.5
     Lair:1 |    2685 |       0 |   0.0 |      10 |       0 |   0.0
     Lair:2 |    6113 |     116 |   1.9 |      20 |      12 |  37.5
     Lair:3 |    3753 |    1975 |  34.5 |      21 |      25 |  54.3
     Lair:4 |    7162 |    3598 |  33.4 |      23 |       9 |  28.1
     Lair:5 |    4311 |       0 |   0.0 |      16 |       0 |   0.0
     Lair:6 |    8372 |    9172 |  52.3 |      40 |      44 |  52.4
   Shoals:1 |   14143 |    5330 |  27.4 |      30 |      10 |  25.0
   Shoals:2 |   15210 |       0 |   0.0 |      32 |       0 |   0.0
   Shoals:3 |    1557 |    4875 |  75.8 |       5 |       7 |  58.3
   Spider:1 |    8482 |   14306 |  62.8 |      26 |      36 |  58.1
   Spider:2 |   14959 |       0 |   0.0 |      37 |       0 |   0.0
   Spider:3 |   15575 |    4472 |  22.3 |      42 |       2 |   4.5
   Spider:4 |   10487 |   22015 |  67.7 |      32 |      72 |  69.2
      Orc:1 |    4239 |       0 |   0.0 |      23 |       0 |   0.0
      Orc:2 |    3561 |    8431 |  70.3 |      46 |      28 |  37.8
      IceCv |       0 |    3194 | 100.0 |       0 |      11 | 100.0
   Gauntlet |       0 |    4997 | 100.0 |       0 |      14 | 100.0
            +---------+---------+-------+---------+---------+-------
